 Dungeon Crawl Stone Soup version 0.30.0-17-ge0270778cf (webtiles) character file.

Game seed: 13858346975311747948

2116 NateTC the Cleaver (level 9, -9/74 HPs)
             Began as a Minotaur Fighter on May 21, 2023.
             Killed from afar by an electric eel (15 damage)
             ... with a bolt of electricity
             ... on level 6 of the Dungeon.
             The game lasted 00:07:30 (4079 turns).

NateTC the Cleaver (Minotaur Fighter)               Turns: 4079, Time: 00:07:31

Health: -9/74      AC: 10    Str: 26    XL:     9   Next: 8%
Magic:  8/8        EV:  8    Int:  5    God:
Gold:   347        SH:  4    Dex:  9    Spells: 8/8 levels left

rFire   + . .        a - +1 war axe (chaos)
rCold   + . .        c - +0 buckler
rNeg    . . .        u - +0 chain mail
rPois   .            (helmet restricted)
rElec   .            (no cloak)
rCorr   .            (no gloves)
SInv    .            h - +0 pair of boots {Fly}
Will    .....        q - amulet of regeneration Stlth
                     f - ring of protection from cold
HPRegen 1.12/turn    j - ring of protection from fire
MPRegen 0.11/turn

%: no passive effects
@: flying
A: horns 2, retaliatory headbutt
a: no special abilities


You were on level 6 of the Dungeon.
You visited 1 branch of the dungeon, and saw 6 of its levels.

You collected 347 gold pieces.

Inventory:

Hand Weapons
 a - a +1 war axe of chaos (weapon)
Armour
 c - a +0 buckler (worn)
 h - a +0 pair of boots of flying (worn)
 u - a +0 chain mail (worn)
Jewellery
 f - a ring of protection from cold (left hand)
 j - a ring of protection from fire (right hand)
 q - an amulet of regeneration (around neck)
Wands
 o - a wand of digging (9)
 r - a wand of flame (14)
Scrolls
 b - 2 scrolls of fog
 e - 2 scrolls of fear
 g - a scroll of teleportation
 l - 3 scrolls of amnesia
 s - a scroll of noise {unknown}
Potions
 d - a potion of might
 i - 3 potions of brilliance {unknown}
 k - 4 potions of mutation
 m - 3 potions of curing {unknown}
 n - 2 potions of heal wounds {unknown}
 p - a potion of flight {unknown}
 t - a potion of attraction {unknown}


   Skills:
 - Level 5.5 Fighting
 * Level 13.6 Axes
 - Level 3.6 Armour
 - Level 3.6 Shields


You had 8 spell levels left.
You didn't know any spells.
Your spell library contained the following spells:

 Spells                   Type           Power      Damage    Failure   Level
 Kiss of Death            Conj/Necr      0%         2d5       97%         1
 Sandblast                Erth           0%         2d4       97%         1
 Cigotuvi's Dreadful Rot  Necr/Pois/Air  0%         N/A       99%         2
 Passwall                 Tmut/Erth      0%         N/A       99%         2
 Call Canine Familiar     Summ           0%         N/A       100%        3
 Confusing Touch          Hex            0%         N/A       100%        3
 Ignite Poison            Fire/Tmut/Pois 0%         N/A       100%        3
 Stone Arrow              Conj/Erth      0%         3d7       100%        3
 Dispel Undead            Necr           0%         3d6       100%        4
 Freezing Cloud           Conj/Ice/Air   0%         6-21      100%        5
 Dragon's Call            Summ           0%         N/A       100%        9


Dungeon Overview and Level Annotations

Branches:
Dungeon (6/15) Zot: 25873
 Temple: D:4-7

Altars:
Ashenzari
Kikubaaqudgha
Makhleb
Vehumet
Xom
Yredelemnul

Shops:
D:2 !   D:4 =   D:6 *

Annotations:
D:3 2 transporters, 3 runed translucent doors, Sabo's ghost, weakling DsGl; monsoonserge's ghost, amateur AtHs


Innate Abilities, Weirdness & Mutations

You have a pair of horns on your head.
You reflexively headbutt those who attack you in melee.


Message History

No target in view!
You see here a scorpion corpse.
There is an open door here.
Key pressed, stopping explore.
No target in view!
There is an open door here.
Key pressed, stopping explore.
No target in view!
As you open the door, it creaks loudly!
The electric eel shoots out a bolt of lightning at you!
The bolt of electricity hits you!
The electric eel shoots out a bolt of lightning at you!
The bolt of electricity hits you.
There is an open door here.
There are monsters nearby!
The electric eel shoots out a bolt of lightning at you!
The bolt of electricity hits the plant!
The plant begins to die.
The bolt of electricity hits you!
There are monsters nearby!
The electric eel shoots out a bolt of lightning at you!
The bolt of electricity hits the plant!
The bolt of electricity hits you.
The electric eel shoots out a bolt of lightning at you!
The bolt of electricity hits the plant!
The bolt of electricity hits you.
The electric eel shoots out a bolt of lightning at you!
The bolt of electricity hits the plant!
The bolt of electricity hits you!
You are too injured to fight recklessly!
The electric eel shoots out a bolt of lightning at you!
The bolt of electricity hits the plant!
The bolt of electricity hits you!
* * * LOW HITPOINT WARNING * * *
There is an open door here.
The electric eel shoots out a bolt of lightning at you!
The bolt of electricity hits the plant!
The plant begins to die.
The bolt of electricity hits you!
* * * LOW HITPOINT WARNING * * *
The electric eel shoots out a bolt of lightning at you!
The bolt of electricity hits you.
* * * LOW HITPOINT WARNING * * *
The electric eel shoots out a bolt of lightning at you!
The bolt of electricity hits you!
You die...

......#
#.~=.)##≈≈≈##~####...##
####..#
#$.P.~#≈S~S≈#~#.#....<#
...#..#
#.P.P~#.!..~#~#......##
##....#
#.....#(P~S$#~#.##..####
#.#.##
#P..PP#.#.##......
##.#.# #
#.....#.#.###.####
...#.#
#..#####.....#.#.# #.#
.....# #...~~##'..##.#.#
#.# ###### #~.@####.####
#.# ####### ###...~~##
#.#### ......# #######
#.##.. #####.#
#############.##.# # #.#
#................. # #.#
#.#####.#####.##.# ##
#.# #.# #.# ##...#..
.####.# #.#####.#
#.....## ......#
#.##....# ##...###


You could see 3 electric eels.

Vanquished Creatures
  Pikel (D:4)
  A troll (D:6)
  Sigmund (D:3)
  Eustachio (D:6)
  A black bear (D:6)
  2 centaurs
  2 phantoms
  A bullfrog (D:6)
  3 scorpions
  3 hounds
  An orc priest (D:5)
  4 jellies
  3 iguanas
  An orc wizard (D:5)
  A scorpion zombie (D:3)
  5 adders
  A shadow imp (D:6)
  5 white imps
  An adder zombie (D:3)
  2 worms (D:2)
  4 dart slugs
  9 orcs
  7 ball pythons
  3 bats
  2 endoplasms
  5 giant cockroaches
  3 goblins
  3 hobgoblins
  3 quokkas
  7 frilled lizards
  5 kobolds
  2 rats (D:1)
93 creatures vanquished.

Notes
Turn   | Place    | Note
-------+----------+-------------------------------------------
     0 | D:1      | NateTC the Minotaur Fighter began the quest for the Orb.
     0 | D:1      | Reached XP level 1. HP: 19/19 MP: 0/0
   213 | D:1      | Reached skill level 3 in Axes
   228 | D:1      | Found a faded altar of an unknown god.
   246 | D:1      | Reached XP level 2. HP: 26/26 MP: 1/1
   685 | D:2      | Reached skill level 4 in Axes
   755 | D:2      | Reached XP level 3. HP: 23/31 MP: 2/2
   798 | D:2      | Found Jasugosa's Distillery.
   820 | D:2      | You are sucked into a shaft and drop 2 floors!
   839 | D:4      | Reached skill level 5 in Axes
   839 | D:4      | Reached XP level 4. HP: 39/39 MP: 3/3
   885 | D:4      | Found an ancient bone altar of Kikubaaqudgha.
   936 | D:3      | Noticed a centaur
   970 | D:3      | Killed a centaur
   971 | D:3      | Reached skill level 6 in Axes
   971 | D:3      | Reached XP level 5. HP: 39/45 MP: 4/4
  1014 | D:3      | Noticed monsoonserge's ghost (amateur AtHs)
  1016 | D:3      | Found a transporter.
  1020 | D:3      | Found a transporter.
  1058 | D:3      | Found a runed translucent gate.
  1058 | D:3      | Found a runed translucent gate.
  1058 | D:3      | Found a runed translucent gate.
  1058 | D:3      | Noticed Sabo's ghost (weakling DsGl)
  1059 | D:3      | Found a basalt altar of Yredelemnul.
  1068 | D:3      | Reached skill level 7 in Axes
  1467 | D:3      | Noticed Sigmund
  1478 | D:3      | Killed Sigmund
  1479 | D:3      | Reached skill level 5 in Fighting
  1479 | D:3      | Reached XP level 6. HP: 50/56 MP: 5/5
  1661 | D:3      | Found a shimmering altar of Xom.
  2008 | D:4      | Found a burning altar of Makhleb.
  2159 | D:4      | Noticed Pikel
  2169 | D:4      | Killed Pikel
  2170 | D:4      | Reached skill level 10 in Axes
  2170 | D:4      | Reached XP level 7. HP: 52/61 MP: 6/6
  2207 | D:4      | Found Cigor's Jewellery Shop.
  2541 | D:5      | Entered Level 5 of the Dungeon
  2652 | D:5      | Reached XP level 8. HP: 58/69 MP: 7/7
  2663 | D:5      | Reached skill level 11 in Axes
  3377 | D:6      | Reached skill level 12 in Axes
  3402 | D:6      | Noticed a troll
  3410 | D:6      | Killed a troll
  3629 | D:6      | Noticed Eustachio
  3630 | D:6      | Found a radiant altar of Vehumet.
  3641 | D:6      | Killed Eustachio
  3642 | D:6      | Reached skill level 13 in Axes
  3690 | D:6      | Found Ejamni's Assorted Antiques.
  3780 | D:6      | Found a broken altar of Ashenzari.
  3865 | D:6      | Reached XP level 9. HP: 74/74 MP: 8/8
  4079 | D:6      | Killed from afar by an electric eel

Illustrated notes

Levels and vault maps discovered:
D:1:      spicycebolla_green_bress_n_ham_2, layout_loops_ring,
          hellmonk_ecumenical_altar_heavens_door
D:2:      layout_rooms, serial_shops, shop, kennysheep_generic_room_8
D:3:      layout_basic, nicolae_yredelemnul_ghost_church, dk_xom_monty_hall,
          gammafunk_ghost_arena, uniq_sigmund
D:4:      layout_loops_ring, kennysheep_mini_moat, kiku_gazebo_garden_becter,
          serial_shops, shop, uniq_pikel
D:5:      layout_basic
D:6:      cheibrodos_two_vegetables, layout_loops_corners, marbit_many_paths,
          old_standard_altar, serial_shops, shop, uniq_eustachio

Skill      XL: |  1  2  3  4  5  6  7  8 |
---------------+-------------------------+-----
Axes           | 3 4 5 6 7 10 13 | 13.6
Fighting       | 5 |  5.5
Armour         | |  3.6
Shields        | |  3.6

Action                     |  1- 3 |  4- 6 |  7- 9 || total
---------------------------+-------+-------+-------++-------
  Melee: War axe           |    44 |    75 |   105 ||   224
         Headbutt          |     6 |     9 |    21 ||    36
    Use: Scroll            |     4 |     4 |     2 ||    10
 Armour: Scale mail        |    17 |    33 |    34 ||    84
         Chain mail        |       |       |    13 ||    13
  Dodge: Dodged            |    20 |    37 |    34 ||    91
  Block: Buckler           |    14 |    19 |    22 ||    55
